 Dungeon Crawl Stone Soup version 0.29-a0-468-ge57f7f99b4 (webtiles) character file.

Game seed: 7823223027757201485

772 timneilson the Shield-Bearer (level 7, 0/44 HPs)
             Began as a Gargoyle Fighter on May 21, 2022.
             Splashed by a jelly's acid (2 damage)
             ... on level 4 of the Dungeon.
             The game lasted 00:08:40 (4260 turns).

timneilson the Shield-Bearer (Gargoyle Fighter)     Turns: 4260, Time: 00:08:40

Health: 0/44       AC:  1    Str: 21    XL:     7   Next: 83%
Magic:  0/7        EV:  8    Int:  9    God:
Gold:   257        SH:  6    Dex:  9    Spells: 6/6 levels left

rFire   . . .      SeeInvis .   a - +1 long sword
rCold   . . .      Faith    .   c - +1 buckler
rNeg    + . .      Spirit   +   n - +0 chain mail
rPois   ∞          Reflect  .   h - +0 helmet
rElec   +          Harm     .   (no cloak)
rCorr   .          Rampage  .   (no gloves)
Will    .....                   b - +0 pair of boots
Stlth   ..........              i - amulet of guardian spirit
HPRegen 0.14/turn               (no ring)
MPRegen 0.10/turn               (no ring)

@: corroded
A: sickness immunity, AC +4, negative energy resistance 1, electricity
resistance, torment resistance 1, petrification resistance
a: no special abilities


You were on level 4 of the Dungeon.
You visited 1 branch of the dungeon, and saw 4 of its levels.

You collected 257 gold pieces.

Inventory:

Hand Weapons
 a - a +1 long sword (weapon)
Armour
 b - a +0 pair of boots (worn)
 c - a +1 buckler (worn)
 h - a +0 helmet (worn)
 n - a +0 chain mail (worn)
Jewellery
 i - an amulet of guardian spirit (around neck)
Wands
 d - a wand of polymorph (11)
Scrolls
 g - a scroll of teleportation
 j - a scroll of amnesia
Potions
 e - 2 potions of mutation
 f - 2 potions of brilliance


   Skills:
 + Level 4.4 Fighting
 * Level 4.0 Long Blades
 * Level 5.4 Armour
 + Level 2.0 Dodging
 * Level 5.6 Shields
 + Level 1.9 Evocations


You had 6 spell levels left.
You didn't know any spells.
Your spell library contained the following spells:

 Spells                   Type           Power      Damage    Failure   Level
 Summon Ice Beast         Ice/Summ       0%         N/A       100%        4
 Summon Mana Viper        Hex/Summ       0%         N/A       100%        5
 Monstrous Menagerie      Summ           0%         N/A       100%        7


Dungeon Overview and Level Annotations

Branches:
Dungeon (4/15)
 Temple: D:4-7

Altars:
Kikubaaqudgha
Uskayaw
Wu Jian


Innate Abilities, Weirdness & Mutations

You are immune to sickness and miasma.
Your stone body is resilient. (AC +4)
You are immune to poison.
You resist negative energy. (rN+)
You are resistant to electric shocks. (rElec)
You are resistant to unholy torment.
You are immune to petrification.


Message History

Found a stone staircase leading up.
You hear a distant slurping noise.
There is a stone staircase leading up here.
A jelly comes into view.
The jelly quivers.
You hit the jelly. The acid corrodes you!
Your hands burn!
The jelly is lightly wounded.
The jelly hits you.
You are splashed with acid!
You hit the jelly.
Your hands burn!
The jelly is moderately wounded.
The jelly closely misses you.
You hit the jelly.
Your hands burn!
The jelly is heavily wounded.
You block the jelly's attack. The jelly hits you but does no damage.
You hit the jelly.
Your hands burn!
The jelly is heavily wounded.
The jelly barely misses you.
You hit the jelly.
Your hands burn!
The jelly is heavily wounded.
You block the jelly's attack.
You hit the jelly but do no damage. The acid corrodes you!
Your hands burn!
The jelly is heavily wounded.
The jelly hits you but does no damage.
You hit the jelly.
Your hands burn!
The jelly is severely wounded.
The jelly barely misses you. You block the jelly's attack.
You hit the jelly.
Your hands burn!
* * * LOW HITPOINT WARNING * * *
The jelly is severely wounded.
The jelly closely misses you.
You hit the jelly.
Your hands burn!
* * * LOW HITPOINT WARNING * * *
The jelly is almost dead.
The jelly hits you.
* * * LOW HITPOINT WARNING * * *
The acid corrodes you!
You are splashed with acid!
* * * LOW HITPOINT WARNING * * *
Okay, then.
You hit the jelly but do no damage. The acid corrodes you!
Your hands burn!
You die...

...........#.....#..#............
...###.###.###.###...............
.<..................#............
.....)..............#.#####......
#...######..#.......#.#####......
#...######..#....................
#......<.........................
#......##...#.......#.#####......
#.#.............@J...........####
...............#......####.....#
#.####.##...#..#####..# #.....##
................. .####.......
...##............. .......†....
...##.......#..... .####...##..
...##............ #......'
...##.......#.. ..........#
...##......## ...........#


You could see a jelly.

Vanquished Creatures
  Sigmund (D:3)
  5 scorpions (D:4)
  A jelly (D:4)
  2 iguanas (D:4)
  Robin (D:2)
  3 gnolls (D:2)
  10 adders
  An orc (D:4)
  12 bats
  6 endoplasms
  A giant cockroach (D:4)
  10 hobgoblins
  4 jackals
  3 quokkas (D:2)
  5 ball pythons
  3 frilled lizards
  17 goblins
  7 kobolds
  9 rats
101 creatures vanquished.

Vanquished Creatures (others)
  3 fungi (D:4)
3 creatures vanquished.

Grand Total: 104 creatures vanquished

Notes
Turn   | Place    | Note
-------+----------+-------------------------------------------
     0 | D:1      | timneilson the Gargoyle Fighter began the quest for the
                  | Orb.
     0 | D:1      | Reached XP level 1. HP: 14/14 MP: 1/1
   258 | D:1      | Reached XP level 2. HP: 14/19 MP: 2/2
   739 | D:1      | Found a faded altar of an unknown god.
   815 | D:1      | Reached XP level 3. HP: 18/23 MP: 3/3
  1107 | D:2      | Noticed Robin
  1126 | D:2      | Killed Robin
  1479 | D:2      | Reached XP level 4. HP: 28/28 MP: 4/4
  1531 | D:2      | Reached skill level 1 in Dodging
  2084 | D:2      | Reached XP level 5. HP: 32/32 MP: 5/5
  2419 | D:3      | Noticed Sigmund
  2447 | D:3      | Killed Sigmund
  2448 | D:3      | Reached skill level 1 in Evocations
  2448 | D:3      | Reached XP level 6. HP: 5/38 MP: 1/6
  3345 | D:4      | Found an ancient bone altar of Kikubaaqudgha.
  3347 | D:4      | Found an ornate altar of the Wu Jian Council.
  3513 | D:4      | Reached skill level 5 in Shields
  3657 | D:4      | Reached XP level 7. HP: 37/43 MP: 5/7
  3679 | D:4      | Reached skill level 5 in Armour
  3982 | D:4      | Found the +7 Singing Sword {vorpal, sonic wave}
  4154 | D:4      | Found a hide-covered altar of Uskayaw.
  4259 | D:4      | HP: 2/44 [acid (7)]
  4260 | D:4      | Splashed by a jelly's acid

Illustrated notes

Levels and vault maps discovered:
D:1:      heliophobic_arrival_ceremonial_halls, layout_basic,
          shapermc_ecumenical_altar_mp_highgroup
D:2:      layout_loops_ring, nrook_mini_vaults, uniq_robin
D:3:      layout_basic, uniq_sigmund
D:4:      old_forge, layout_basic, nicolae_uskayaw_murder_on_the_dancefloor,
          mainiacjoe_overflow_divided_tiny, st_stairs_3

Skill      XL: |  1  2  3  4  5  6  7 |
---------------+----------------------+-----
Long Blades    | 2 3 4 |  4.0
Shields        | 4 5 |  5.6
Armour         | 4 5 |  5.4
Dodging        | 1 2 |  2.0
Evocations     | 1 |  1.9
Fighting       | 4 |  4.4

Action                   |  1- 3 |  4- 6 |  7- 9 || total
-------------------------+-------+-------+-------++-------
Melee: Long sword        |    91 |   196 |   119 ||   406
  Use: Scroll            |     5 |     7 |       ||    12
       Potion            |     1 |       |     1 ||     2
Armor: Scale mail        |    68 |    79 |       ||   147
       Chain mail        |       |    38 |    63 ||   101
Dodge: Dodged            |    45 |    67 |    48 ||   160
Block: Buckler           |    16 |    48 |    38 ||   102

Table legend: (Time is in decaauts)
 A = Elapsed time spent in this place.
 B = Non-inter-level travel time spent in this place.
 C = Inter-level travel time spent in this place.
 D = Time resting spent in this place.
 E = Time spent auto-exploring this place.
 F = Levels seen in this place.
 G = Mean time per level.
                   A        B        C        D        E       F      G
               +--------+--------+--------+--------+--------+-----+--------+
         Total |   4378 |   4311 |     67 |    427 |   2741 |   4 | 1094.5 |
       Dungeon |   4378 |   4311 |     67 |    427 |   2741 |   4 | 1094.5 |
               +--------+--------+--------+--------+--------+-----+--------+

Top non-repeatable levels by time:
     D:2: 1580 daAuts
     D:1: 1086 daAuts
     D:4: 1056 daAuts
     D:3: 654 daAuts
